Carnivores vs Remparts
Created - 16 février 2016 at 19:47
Goals
|
| Carnivores |
1 |
2 |
1 |
4 |
| Remparts |
1 |
3 |
2 |
6 |
|
Shots
|
| Carnivores |
8 |
11 |
9 |
28 |
| Remparts |
4 |
15 |
17 |
36 |
|
1st period
1. Carnivores , Brendan Gallagher 11 (Blake Geoffrion) at 16:17
2. Remparts , Chris Mueller 8 (Erik Gudbranson, Jarod Palmer) at 19:55 (SH)
Penalties :
Frederic St-Denis (Bre) for Interference (Minor) at 13:20, Ty Wishart (Que) for Slashing (Minor) at 18:26
2nd period
3. Carnivores , Ryan Keller 1 (Mikael Granlund, Joffrey Lupul) at 1:31
4. Remparts , Jarod Palmer 4 (Ty Wishart, Petr Straka) at 5:42
5. Remparts , Geordie Wudrick 4 (Jarod Palmer) at 13:00
6. Carnivores , Mikael Granlund 16 (Joffrey Lupul, Phil Oreskovic) at 15:54 (PP)
7. Remparts , Matt Halischuk 18 (Jarod Palmer) at 19:19
Penalties :
Joffrey Lupul (Bre) for Hooking (Minor) at 3:22, Matt Halischuk (Que) for Hooking (Minor) at 5:58, Frederic St-Denis (Bre) for Cross-checking (Minor) at 9:58, William Colbert (Que) for High sticking (Minor) at 15:37
3rd period
8. Remparts , Johannes Salmonsson 18 (Jonathan Cheechoo) at 7:27
9. Carnivores , John Moore 5 (Andy Miele) at 12:55
10. Remparts , Johannes Salmonsson 19 (Guillaume Desbiens, Cédric Lalonde-McNicoll) at 19:33 (Empty Net)
Penalties :
Erik Gudbranson (Que) for Holding Stick (Minor) at 0:26, Chris Butler (Bre) for Hooking (Minor) at 13:21, Phil Oreskovic (Bre) for Tripping (Minor) at 16:59
Goalie Stats
Ray Emery (Bre), 30 saves from 35 shots - (0,857), L, 4-7-1, 59:27 minutes
Keith Kinkaid (Que), 24 saves from 28 shots - (0,857), W, 20-13-3, 60:00 minutes
Players Stats for Carnivores
Player Name G A P +/- PIM S H SB GA TA FO MP PP MP PK MP
------------------------------------------------------------------------------------
Andy Miele 0 1 1 -1 0 1 2 0 0 0 6/14 21:42 2:59 5:16
Anton Gustafsson 0 0 0 -2 0 0 1 2 1 0 2/2 8:22 0:00 1:10
Anton Lander 0 0 0 0 0 2 3 0 0 0 5/10 13:14 0:07 3:32
Billy Sweat 0 0 0 -2 0 1 0 0 0 0 0/0 6:55 0:00 0:00
Blake Geoffrion 0 1 1 2 0 5 1 1 0 0 0/2 15:39 2:35 0:00
Bobby Sanguinetti 0 0 0 0 0 0 0 1 0 0 0/0 8:32 0:00 0:00
Brendan Gallagher 1 0 1 2 0 1 2 0 0 0 0/1 16:55 3:50 0:00
Chris Butler 0 0 0 -1 2 0 1 0 0 0 0/0 16:22 2:10 2:33
Colton Orr 0 0 0 -1 0 3 2 0 1 1 0/0 13:29 1:48 2:07
Frederic St-Denis 0 0 0 0 4 0 0 0 0 1 0/0 11:28 0:00 2:14
Jeremy Welsh 0 0 0 1 0 2 1 0 0 0 0/1 9:58 0:00 0:00
Joffrey Lupul 0 2 2 -3 2 1 2 0 0 0 1/3 17:39 3:32 0:14
John Moore 1 0 1 -2 0 1 2 0 0 0 0/0 28:19 4:04 5:41
Lane MacDermid 0 0 0 -2 0 0 2 0 0 0 0/0 9:38 0:07 2:18
Mikael Granlund 1 1 2 -3 0 2 1 0 0 0 14/32 22:45 3:32 5:13
Patrick McNeill 0 0 0 0 0 0 0 0 0 0 0/0 5:03 0:00 0:33
Phil Oreskovic 0 1 1 -1 2 1 0 2 0 2 0/0 26:58 4:04 4:27
Ryan Keller 1 0 1 0 0 5 0 0 1 0 0/0 13:25 0:12 0:00
Sasha Pokulok 0 0 0 -2 0 3 2 0 1 0 0/0 19:08 2:10 4:22
Zach Jones 0 0 0 0 0 0 0 0 0 0 0/0 4:29 0:00 0:00
Players Stats for Remparts
Player Name G A P +/- PIM S H SB GA TA FO MP PP MP PK MP
------------------------------------------------------------------------------------
Cédric Lalonde-McNicoll 0 1 1 0 0 3 2 0 0 1 9/12 18:11 3:37 1:29
Chris Mueller 1 0 1 1 0 1 2 1 0 0 1/3 11:02 0:24 1:27
Denis Bodrov 0 0 0 3 0 0 0 2 0 0 0/0 14:34 0:00 0:48
Erik Gudbranson 0 1 1 0 2 2 4 2 0 0 0/0 24:33 4:17 1:40
Geordie Wudrick 1 0 1 1 0 2 1 0 0 0 0/2 7:25 0:20 0:00
Guillaume Desbiens 0 1 1 0 0 4 1 1 0 0 1/1 16:42 3:37 0:00
Janne Niskala 0 0 0 0 0 2 2 0 0 0 0/0 21:40 5:38 3:46
Jarod Palmer 1 3 4 1 0 2 0 0 0 0 6/10 11:13 0:00 3:59
Johannes Salmonsson 2 0 2 1 0 2 1 0 0 0 0/0 14:49 0:55 3:59
Jonathan Cheechoo 0 1 1 0 0 3 1 1 0 0 0/0 9:11 0:00 0:00
Jonathan Matsumoto 0 0 0 1 0 2 0 1 0 1 17/31 19:35 5:28 0:00
Keith Ballard 0 0 0 -1 0 1 3 2 2 0 0/0 29:11 5:38 3:39
Matt Halischuk 1 0 1 1 2 3 0 1 0 1 2/4 20:37 5:28 0:48
Pasi Salonen 0 0 0 2 0 4 0 0 0 0 1/2 20:36 5:29 0:46
Petr Straka 0 1 1 1 0 0 1 0 0 0 0/0 7:55 0:50 0:00
Rico Fata 0 0 0 -1 0 4 1 0 2 0 0/0 16:21 3:37 0:00
Ty Wishart 0 1 1 3 2 0 1 1 0 1 0/0 12:40 0:00 0:00
William Colbert 0 0 0 1 2 1 1 0 0 0 0/0 17:27 4:17 2:35
3 Stars
1 - Jarod Palmer (Que)
2 - Johannes Salmonsson (Que)
3 - Brendan Gallagher (Bre)
Power Play
Carnivores - 1 on 4 Attempt(s) - 25,00%
Remparts - 0 on 5 Attempt(s) - 0,00%
Penalty Kill
Carnivores - 5 on 5 Attempt(s) - 100,00%
- Score 0 goal in Penalty Kill
Remparts - 3 on 4 Attempt(s) - 75,00%
- Score 1 goal in Penalty Kill
Team Stat
Carnivores - Hits : 22 - Faceoff Wins : 28 - Blocked Shots : 6 - Penalty Minutes : 10
Remparts - Hits : 21 - Faceoff Wins : 37 - Blocked Shots : 12 - Penalty Minutes : 8
Official
Referees : Walkom Stephen and Dwyer Gord
Linesman : Lyle Seitz and David Brisebois
Game Notes
Johannes Salmonsson has scored in a empty net!
Finance
Level 1 -- Attendance: 1434 (71,70%) -- Ticket Income 35 850 $
Level 2 -- Attendance: 740 (74,00%) -- Ticket Income 11 100 $
Total Attendance: 2174 (72,47%)
Total Ticket Income: 46 950 $
Other Income: 2 348 $
Total Income: 49 298 $
Carnivores
5 vs 5 Forward
Center Left Wing Right Wing Time % Phy DF OF
1 Mikael Granlund Joffrey Lupul Ryan Keller 40 1 2 2
2 Andy Miele Blake Geoffrion Brendan Gallagher 35 1 2 2
3 Anton Lander Jeremy Welsh Colton Orr 17 1 2 2
4 Anton Gustafsson Lane MacDermid Billy Sweat 8 3 0 2
5 vs 5 Defense
Defense Defense Time % Phy DF OF
1 Phil Oreskovic John Moore 40 1 2 2
2 Chris Butler Sasha Pokulok 30 1 2 2
3 Bobby Sanguinetti Frederic St-Denis 20 1 2 2
4 Patrick McNeill Zach Jones 10 1 2 2
PowerPlay Forward
Center Left Wing Right Wing Time % Phy DF OF
1 Mikael Granlund Joffrey Lupul Brendan Gallagher 53 1 1 3
2 Andy Miele Blake Geoffrion Brendan Gallagher 47 1 1 3
PowerPlay Defense
Defense Defense Time % Phy DF OF
1 Phil Oreskovic John Moore 60 1 1 3
2 Chris Butler Sasha Pokulok 40 1 1 3
Penalty Kill 4 Players Forward
Center Wing Time % Phy DF OF
1 Mikael Granlund Andy Miele 60 1 3 1
2 Anton Lander Colton Orr 40 1 3 1
Penalty Kill 4 Players Defense
Defense Defense Time % Phy DF OF
1 Phil Oreskovic John Moore 60 1 3 1
2 Frederic St-Denis Sasha Pokulok 40 1 3 1
Penalty Kill - 3 Players Forward
Forward Time % Phy DF OF
1 Andy Miele 60 1 4 0
2 Anton Lander 40 1 4 0
Penalty Kill - 3 Players Defense
Defense Defense Time % Phy DF OF
1 Phil Oreskovic John Moore 60 2 3 0
2 Frederic St-Denis Sasha Pokulok 40 2 3 0
4 vs 4 Forward
Center Wing Time % Phy DF OF
1 Andy Miele Brendan Gallagher 60 1 2 2
2 Mikael Granlund Blake Geoffrion 40 1 2 2
4 vs 4 Defense
Defense Defense Time % Phy DF OF
1 Phil Oreskovic John Moore 60 1 2 2
2 Chris Butler Sasha Pokulok 40 1 2 2
Last Minutes Offensive
Center Left Wing Right Wing Defense Defense
Mikael Granlund Joffrey Lupul Andy Miele Bobby Sanguinetti John Moore
Last Minutes Defensive
Center Left Wing Right Wing Defense Defense
Mikael Granlund Blake Geoffrion Andy Miele Sasha Pokulok John Moore
Goaltenders
Starting : Ray Emery
Backup : Antti Raanta
Extra Forwards
Normal : Jeremy Welsh, Mikael Granlund, Brendan Gallagher - PP : Mikael Granlund, Andy Miele - PK : Mikael Granlund
Extra Defensemen
Normal : John Moore, Bobby Sanguinetti, Phil Oreskovic - PP : Bobby Sanguinetti - PK : Sasha Pokulok, Frederic St-Denis
Penalty Shots
Andy Miele, Mikael Granlund, Blake Geoffrion, Colton Orr, Brendan Gallagher
Remparts
5 vs 5 Forward
Center Left Wing Right Wing Time % Phy DF OF
1 Jonathan Matsumoto Pasi Salonen Matt Halischuk 40 0 2 3
2 Cédric Lalonde-McNicoll Rico Fata Guillaume Desbiens 30 0 2 3
3 Chris Mueller Johannes Salmonsson Jonathan Cheechoo 20 0 3 2
4 Jarod Palmer Geordie Wudrick Petr Straka 10 1 2 2
5 vs 5 Defense
Defense Defense Time % Phy DF OF
1 Keith Ballard Erik Gudbranson 40 0 2 3
2 William Colbert Janne Niskala 30 0 2 3
3 Denis Bodrov Ty Wishart 20 0 3 2
4 Keith Ballard Erik Gudbranson 10 0 2 3
PowerPlay Forward
Center Left Wing Right Wing Time % Phy DF OF
1 Jonathan Matsumoto Pasi Salonen Matt Halischuk 60 0 1 4
2 Cédric Lalonde-McNicoll Rico Fata Guillaume Desbiens 40 0 1 4
PowerPlay Defense
Defense Defense Time % Phy DF OF
1 Keith Ballard Janne Niskala 60 0 2 3
2 William Colbert Erik Gudbranson 40 0 2 3
Penalty Kill 4 Players Forward
Center Wing Time % Phy DF OF
1 Jarod Palmer Johannes Salmonsson 60 1 4 0
2 Cédric Lalonde-McNicoll Matt Halischuk 40 1 4 0
Penalty Kill 4 Players Defense
Defense Defense Time % Phy DF OF
1 Keith Ballard Janne Niskala 60 1 4 0
2 William Colbert Erik Gudbranson 40 1 4 0
Penalty Kill - 3 Players Forward
Forward Time % Phy DF OF
1 Johannes Salmonsson 60 1 4 0
2 Cédric Lalonde-McNicoll 40 1 4 0
Penalty Kill - 3 Players Defense
Defense Defense Time % Phy DF OF
1 Keith Ballard Janne Niskala 60 1 4 0
2 William Colbert Erik Gudbranson 40 1 4 0
4 vs 4 Forward
Center Wing Time % Phy DF OF
1 Jonathan Matsumoto Matt Halischuk 60 0 2 3
2 Cédric Lalonde-McNicoll Pasi Salonen 40 0 2 3
4 vs 4 Defense
Defense Defense Time % Phy DF OF
1 Keith Ballard Janne Niskala 60 0 2 3
2 William Colbert Erik Gudbranson 40 1 2 2
Last Minutes Offensive
Center Left Wing Right Wing Defense Defense
Jonathan Matsumoto Pasi Salonen Matt Halischuk Keith Ballard Erik Gudbranson
Last Minutes Defensive
Center Left Wing Right Wing Defense Defense
Cédric Lalonde-McNicoll Johannes Salmonsson Matt Halischuk Keith Ballard Erik Gudbranson
Goaltenders
Starting : Keith Kinkaid
Backup : Petr Mrazek
Extra Forwards
Normal : Cédric Lalonde-McNicoll, Johannes Salmonsson, Jonathan Matsumoto - PP : Guillaume Desbiens, Johannes Salmonsson - PK : Chris Mueller
Extra Defensemen
Normal : Erik Gudbranson, Janne Niskala, Keith Ballard - PP : Denis Bodrov - PK : Erik Gudbranson, Denis Bodrov
Penalty Shots
Jonathan Matsumoto, Jonathan Cheechoo, Matt Halischuk, Cédric Lalonde-McNicoll, Rico Fata
% Time on Ice - Carnivores
Lines # - Real PCT - Wanted PCT - Time Play
Normal Forward
1 - 32% - 40% - 13:58
2 - 30% - 35% - 13:04
3 - 22% - 17% - 9:34
4 - 16% - 8% - 6:55
Normal Defense
1 - 42% - 40% - 18:13
2 - 29% - 30% - 12:37
3 - 19% - 20% - 8:12
4 - 10% - 10% - 4:29
PP Forward
1 - 59% - 53% - 3:39
2 - 41% - 47% - 2:35
PP Defense
1 - 65% - 60% - 4:04
2 - 35% - 40% - 2:10
PK Forward
1 - 79% - 60% - 7:48
2 - 21% - 40% - 2:07
PK Defense
1 - 64% - 60% - 6:23
2 - 36% - 40% - 3:32
PK3 Forward
1 - 0% - 60%
2 - 0% - 40%
PK3 Defense
1 - 0% - 60%
2 - 0% - 40%
44 Forward
1 - 0% - 60%
2 - 0% - 40%
44 Defense
1 - 0% - 60%
2 - 0% - 40%
Last Minute Offensive - 0:20
Last Minute Defensive - 0:00
Total
Forward - 60:00
Defense - 60:00
|
% Time on Ice - Remparts
Lines # - Real PCT - Wanted PCT - Time Play
Normal Forward
1 - 33% - 40% - 14:30
2 - 29% - 30% - 12:44
3 - 21% - 20% - 9:11
4 - 16% - 10% - 7:05
Normal Defense
1 - 42% - 40% - 18:25
2 - 26% - 30% - 11:30
3 - 29% - 20% - 12:35
4 - 2% - 10% - 1:00
PP Forward
1 - 64% - 60% - 6:18
2 - 36% - 40% - 3:37
PP Defense
1 - 57% - 60% - 5:38
2 - 43% - 40% - 4:17
PK Forward
1 - 76% - 60% - 4:45
2 - 24% - 40% - 1:29
PK Defense
1 - 55% - 60% - 3:26
2 - 45% - 40% - 2:48
PK3 Forward
1 - 0% - 60%
2 - 0% - 40%
PK3 Defense
1 - 0% - 60%
2 - 0% - 40%
44 Forward
1 - 0% - 60%
2 - 0% - 40%
44 Defense
1 - 0% - 60%
2 - 0% - 40%
Last Minute Offensive - 0:00
Last Minute Defensive - 0:21
Total
Forward - 60:00
Defense - 60:00
|
Play by Play
1st period
0:01 of 1st period - Jonathan Matsumoto wins face-off versus Mikael Granlund in neutral zone.
0:26 of 1st period - Andy Miele is hit by Cédric Lalonde-McNicoll and loses puck.
0:33 of 1st period - Wrist shot by Guillaume Desbiens.
0:33 of 1st period - Stopped by Ray Emery with a rebound.
0:51 of 1st period - Sasha Pokulok is hit by Janne Niskala and loses puck.
1:15 of 1st period - Slapshot by Janne Niskala.
1:15 of 1st period - Deflect By Petr Straka.
1:15 of 1st period - Shot Misses the Net.
1:15 of 1st period - Puck is out of play.
1:16 of 1st period - Mikael Granlund wins face-off versus Geordie Wudrick in Carnivores zone.
1:41 of 1st period - Matt Halischuk is hit by Chris Butler and loses puck.
2:05 of 1st period - Snap shot by Andy Miele.
2:05 of 1st period - Deflect By Anton Lander.
2:05 of 1st period - Stopped by Keith Kinkaid with a rebound.
3:37 of 1st period - Joffrey Lupul is hit by Ty Wishart and loses puck.
3:58 of 1st period - Snap shot by Ryan Keller.
3:58 of 1st period - Stopped by Keith Kinkaid with a rebound.
4:56 of 1st period - John Moore is hit by Rico Fata and loses puck.
5:03 of 1st period - Wrist shot by Ryan Keller.
5:03 of 1st period - Stopped by Keith Kinkaid without a rebound.
5:04 of 1st period - Andy Miele wins face-off versus Jonathan Matsumoto in Remparts zone.
5:07 of 1st period - Snap shot by Blake Geoffrion.
5:07 of 1st period - Stopped by Keith Kinkaid with a rebound.
5:09 of 1st period - Slapshot by Chris Butler.
5:09 of 1st period - Shot Blocked by Keith Ballard.
5:11 of 1st period - Snap shot by Blake Geoffrion.
5:11 of 1st period - Stopped by Keith Kinkaid with a rebound.
5:13 of 1st period - Slapshot by Andy Miele.
5:13 of 1st period - Deflect By Blake Geoffrion.
5:13 of 1st period - Shot Misses the Net.
5:13 of 1st period - Puck is out of play.
5:14 of 1st period - Matt Halischuk wins face-off versus Blake Geoffrion in Remparts zone.
5:19 of 1st period - Wrist shot by Andy Miele.
5:19 of 1st period - Stopped by Keith Kinkaid without a rebound.
5:20 of 1st period - Andy Miele wins face-off versus Jonathan Matsumoto in Remparts zone.
5:27 of 1st period - Slapshot by Pasi Salonen.
5:27 of 1st period - Shot Misses the Net.
5:45 of 1st period - Keith Ballard is hit by Colton Orr and loses puck.
6:32 of 1st period - Wrist shot by Andy Miele.
6:32 of 1st period - Shot Blocked by Matt Halischuk.
6:34 of 1st period - Slapshot by Zach Jones.
6:34 of 1st period - Shot Misses the Net.
9:16 of 1st period - Petr Straka is hit by Brendan Gallagher and loses puck.
10:33 of 1st period - Jeremy Welsh is hit by Petr Straka and loses puck.
10:51 of 1st period - Billy Sweat is hit by Guillaume Desbiens and loses puck.
13:20 of 1st period - Minor Penalty to Frederic St-Denis for Interference.
13:21 of 1st period - Jonathan Matsumoto wins face-off versus Mikael Granlund in Carnivores zone.
13:52 of 1st period - Erik Gudbranson is hit by John Moore and loses puck.
15:20 of 1st period - Penalty to Frederic St-Denis is over, Frederic St-Denis is back on ice.
16:03 of 1st period - Snap shot by Billy Sweat.
16:03 of 1st period - Shot Misses the Net.
16:17 of 1st period - Snap shot by Brendan Gallagher.
16:17 of 1st period - Goal by Brendan Gallagher - Carnivores : 1 - Remparts : 0.
16:18 of 1st period - Mikael Granlund wins face-off versus Jonathan Matsumoto in neutral zone.
16:21 of 1st period - Slapshot by Mikael Granlund.
16:21 of 1st period - Shot Blocked by Jonathan Matsumoto.
16:33 of 1st period - Slapshot by Jonathan Matsumoto.
16:33 of 1st period - Shot Misses the Net.
17:11 of 1st period - Janne Niskala is hit by Jeremy Welsh and loses puck.
17:36 of 1st period - Janne Niskala is hit by Anton Gustafsson and loses puck.
17:50 of 1st period - Icing by Phil Oreskovic.
17:51 of 1st period - Mikael Granlund wins face-off versus Jarod Palmer in Carnivores zone.
18:04 of 1st period - Wrist shot by Mikael Granlund.
18:04 of 1st period - Stopped by Keith Kinkaid without a rebound.
18:05 of 1st period - Jonathan Matsumoto wins face-off versus Andy Miele in Remparts zone.
18:26 of 1st period - Minor Penalty to Ty Wishart for Slashing.
18:27 of 1st period - Jarod Palmer wins face-off versus Mikael Granlund in Remparts zone.
18:42 of 1st period - Snap shot by Keith Ballard.
18:42 of 1st period - Shot Misses the Net.
19:51 of 1st period - Snap shot by Jarod Palmer.
19:51 of 1st period - Stopped by Ray Emery with a rebound.
19:53 of 1st period - Slapshot by Erik Gudbranson.
19:53 of 1st period - Stopped by Ray Emery with a rebound.
19:55 of 1st period - Snap shot by Chris Mueller.
19:55 of 1st period - Goal by Chris Mueller - Carnivores : 1 - Remparts : 1.
19:56 of 1st period - Jarod Palmer wins face-off versus Mikael Granlund in neutral zone.
Goals for this period are 1 for Carnivores vs 1 for Remparts.
Shots for this period are 8 for Carnivores vs 4 for Remparts.
2nd period
0:01 of 2nd period - Mikael Granlund wins face-off versus Jarod Palmer in neutral zone.
0:14 of 2nd period - Janne Niskala is hit by Joffrey Lupul and loses puck.
0:26 of 2nd period - Penalty to Ty Wishart is over, Ty Wishart is back on ice.
0:47 of 2nd period - Pasi Salonen is hit by Anton Lander and loses puck.
1:04 of 2nd period - Wrist shot by Ryan Keller.
1:04 of 2nd period - Stopped by Keith Kinkaid without a rebound.
1:05 of 2nd period - Cédric Lalonde-McNicoll wins face-off versus Mikael Granlund in Remparts zone.
1:05 of 2nd period - Cédric Lalonde-McNicoll is hit by Joffrey Lupul.
1:31 of 2nd period - Snap shot by Ryan Keller.
1:31 of 2nd period - Goal by Ryan Keller - Carnivores : 2 - Remparts : 1.
1:32 of 2nd period - Jonathan Matsumoto wins face-off versus Andy Miele in neutral zone.
1:37 of 2nd period - Snap shot by Matt Halischuk.
1:37 of 2nd period - Stopped by Ray Emery with a rebound.
1:57 of 2nd period - Erik Gudbranson is hit by John Moore and loses puck.
2:25 of 2nd period - Phil Oreskovic is hit by Chris Mueller and loses puck.
3:07 of 2nd period - Snap shot by Andy Miele.
3:07 of 2nd period - Shot Misses the Net.
3:21 of 2nd period - Snap shot by Cédric Lalonde-McNicoll.
3:21 of 2nd period - Stopped by Ray Emery without a rebound.
3:22 of 2nd period - Mikael Granlund wins face-off versus Cédric Lalonde-McNicoll in Carnivores zone.
3:22 of 2nd period - Minor Penalty to Joffrey Lupul for Hooking.
3:23 of 2nd period - Jonathan Matsumoto wins face-off versus Mikael Granlund in Carnivores zone.
3:26 of 2nd period - Slapshot by Jonathan Matsumoto.
3:26 of 2nd period - Shot Misses the Net.
3:28 of 2nd period - Slapshot by Matt Halischuk.
3:28 of 2nd period - Shot Misses the Net.
3:38 of 2nd period - Snap shot by Matt Halischuk.
3:38 of 2nd period - Deflect By Jonathan Matsumoto.
3:38 of 2nd period - Shot Misses the Net.
3:38 of 2nd period - Puck is out of play.
3:39 of 2nd period - Mikael Granlund wins face-off versus Jonathan Matsumoto in Carnivores zone.
4:01 of 2nd period - Off-side.
4:02 of 2nd period - Cédric Lalonde-McNicoll wins face-off versus Anton Lander in neutral zone.
4:50 of 2nd period - Off-side.
4:51 of 2nd period - Anton Lander wins face-off versus Jonathan Matsumoto in neutral zone.
5:19 of 2nd period - Frederic St-Denis is hit by Keith Ballard and loses puck.
5:22 of 2nd period - Penalty to Joffrey Lupul is over, Joffrey Lupul is back on ice.
5:30 of 2nd period - Wrist shot by Geordie Wudrick.
5:30 of 2nd period - Stopped by Ray Emery with a rebound.
5:42 of 2nd period - Snap shot by Jarod Palmer.
5:42 of 2nd period - Goal by Jarod Palmer - Carnivores : 2 - Remparts : 2.
5:43 of 2nd period - Jonathan Matsumoto wins face-off versus Anton Lander in neutral zone.
5:47 of 2nd period - Off-side.
5:48 of 2nd period - Anton Lander wins face-off versus Matt Halischuk in neutral zone.
5:53 of 2nd period - Wrist shot by Colton Orr.
5:53 of 2nd period - Stopped by Keith Kinkaid with a rebound.
5:58 of 2nd period - Minor Penalty to Matt Halischuk for Hooking.
5:59 of 2nd period - Joffrey Lupul wins face-off versus Jarod Palmer in Remparts zone.
6:53 of 2nd period - Off-side.
6:54 of 2nd period - Mikael Granlund wins face-off versus Cédric Lalonde-McNicoll in neutral zone.
7:00 of 2nd period - Off-side.
7:01 of 2nd period - Andy Miele wins face-off versus Jarod Palmer in neutral zone.
7:58 of 2nd period - Penalty to Matt Halischuk is over, Matt Halischuk is back on ice.
8:24 of 2nd period - Off-side.
8:25 of 2nd period - Cédric Lalonde-McNicoll wins face-off versus Jeremy Welsh in neutral zone.
8:40 of 2nd period - Cédric Lalonde-McNicoll is hit by Colton Orr and loses puck.
9:33 of 2nd period - Snap shot by Anton Lander.
9:33 of 2nd period - Shot Misses the Net.
9:45 of 2nd period - Snap shot by Colton Orr.
9:45 of 2nd period - Shot Blocked by Denis Bodrov.
9:58 of 2nd period - Minor Penalty to Frederic St-Denis for Cross-checking.
9:59 of 2nd period - Mikael Granlund wins face-off versus Jonathan Matsumoto in Carnivores zone.
10:07 of 2nd period - Wrist shot by Keith Ballard.
10:07 of 2nd period - Shot Misses the Net.
11:58 of 2nd period - Penalty to Frederic St-Denis is over, Frederic St-Denis is back on ice.
12:02 of 2nd period - Icing by Rico Fata.
12:03 of 2nd period - Andy Miele wins face-off versus Geordie Wudrick in Remparts zone.
12:04 of 2nd period - Snap shot by Blake Geoffrion.
12:04 of 2nd period - Stopped by Keith Kinkaid with a rebound.
12:06 of 2nd period - Snap shot by Brendan Gallagher.
12:06 of 2nd period - Shot Hit the Post.
12:08 of 2nd period - Slapshot by Blake Geoffrion.
12:08 of 2nd period - Stopped by Keith Kinkaid without a rebound.
12:09 of 2nd period - Jarod Palmer wins face-off versus Andy Miele in Remparts zone.
12:56 of 2nd period - Wrist shot by Jarod Palmer.
12:56 of 2nd period - Shot Blocked by Anton Gustafsson.
12:58 of 2nd period - Wrist shot by Jarod Palmer.
12:58 of 2nd period - Shot Misses the Net.
13:00 of 2nd period - Backhand shot by Geordie Wudrick.
13:00 of 2nd period - Goal by Geordie Wudrick - Carnivores : 2 - Remparts : 3.
13:01 of 2nd period - Jonathan Matsumoto wins face-off versus Mikael Granlund in neutral zone.
13:28 of 2nd period - Guillaume Desbiens is hit by Brendan Gallagher and loses puck.
13:41 of 2nd period - Rico Fata is hit by Andy Miele and loses puck.
14:00 of 2nd period - Snap shot by Jeremy Welsh.
14:00 of 2nd period - Shot Hit the Post.
14:02 of 2nd period - Wrist shot by Jeremy Welsh.
14:02 of 2nd period - Stopped by Keith Kinkaid without a rebound.
14:03 of 2nd period - Jonathan Matsumoto wins face-off versus Mikael Granlund in Remparts zone.
14:18 of 2nd period - Slapshot by Ryan Keller.
14:18 of 2nd period - Stopped by Keith Kinkaid without a rebound.
14:19 of 2nd period - Cédric Lalonde-McNicoll wins face-off versus Andy Miele in Remparts zone.
14:27 of 2nd period - Wrist shot by Guillaume Desbiens.
14:27 of 2nd period - Stopped by Ray Emery with a rebound.
14:29 of 2nd period - Wrist shot by Keith Ballard.
14:29 of 2nd period - Deflect By Rico Fata.
14:29 of 2nd period - Shot Misses the Net.
14:29 of 2nd period - Puck is out of play.
14:30 of 2nd period - Jonathan Matsumoto wins face-off versus Joffrey Lupul in Carnivores zone.
14:31 of 2nd period - Snap shot by Pasi Salonen.
14:31 of 2nd period - Shot Blocked by Phil Oreskovic.
14:45 of 2nd period - Wrist shot by Jonathan Matsumoto.
14:45 of 2nd period - Stopped by Ray Emery without a rebound.
14:46 of 2nd period - Chris Mueller wins face-off versus Andy Miele in Carnivores zone.
14:55 of 2nd period - Slapshot by Blake Geoffrion.
14:55 of 2nd period - Shot Blocked by Jonathan Cheechoo.
15:01 of 2nd period - Wrist shot by Blake Geoffrion.
15:01 of 2nd period - Shot Blocked by Chris Mueller.
15:34 of 2nd period - Snap shot by Jeremy Welsh.
15:34 of 2nd period - Stopped by Keith Kinkaid without a rebound.
15:35 of 2nd period - Cédric Lalonde-McNicoll wins face-off versus Andy Miele in Remparts zone.
15:37 of 2nd period - Minor Penalty to William Colbert for High sticking.
15:38 of 2nd period - Jarod Palmer wins face-off versus Joffrey Lupul in Remparts zone.
15:44 of 2nd period - Slapshot by Keith Ballard.
15:44 of 2nd period - Stopped by Ray Emery without a rebound.
15:45 of 2nd period - Jarod Palmer wins face-off versus Mikael Granlund in Carnivores zone.
15:54 of 2nd period - Snap shot by Mikael Granlund.
15:54 of 2nd period - Goal by Mikael Granlund - Carnivores : 3 - Remparts : 3.
15:55 of 2nd period - Mikael Granlund wins face-off versus Jonathan Matsumoto in neutral zone.
15:58 of 2nd period - Slapshot by Phil Oreskovic.
15:58 of 2nd period - Deflect By Joffrey Lupul.
15:58 of 2nd period - Stopped by Keith Kinkaid with a rebound.
16:22 of 2nd period - Blake Geoffrion is hit by Keith Ballard and loses puck.
16:47 of 2nd period - John Moore is hit by Johannes Salmonsson and loses puck.
17:22 of 2nd period - Wrist shot by Jonathan Matsumoto.
17:22 of 2nd period - Shot Blocked by Phil Oreskovic.
17:24 of 2nd period - Slapshot by Keith Ballard.
17:24 of 2nd period - Deflect By Pasi Salonen.
17:24 of 2nd period - Stopped by Ray Emery with a rebound.
17:42 of 2nd period - Blake Geoffrion is hit by Chris Mueller and loses puck.
18:09 of 2nd period - Snap shot by Rico Fata.
18:09 of 2nd period - Stopped by Ray Emery without a rebound.
18:10 of 2nd period - Jonathan Matsumoto wins face-off versus Mikael Granlund in Carnivores zone.
18:19 of 2nd period - Wrist shot by Pasi Salonen.
18:19 of 2nd period - Stopped by Ray Emery with a rebound.
18:39 of 2nd period - Snap shot by Colton Orr.
18:39 of 2nd period - Shot Misses the Net.
19:01 of 2nd period - Snap shot by Jonathan Cheechoo.
19:01 of 2nd period - Shot Blocked by Anton Gustafsson.
19:03 of 2nd period - Slapshot by William Colbert.
19:03 of 2nd period - Stopped by Ray Emery with a rebound.
19:05 of 2nd period - Slapshot by Janne Niskala.
19:05 of 2nd period - Shot Blocked by Bobby Sanguinetti.
19:07 of 2nd period - Slapshot by Janne Niskala.
19:07 of 2nd period - Stopped by Ray Emery with a rebound.
19:17 of 2nd period - Slapshot by Matt Halischuk.
19:17 of 2nd period - Stopped by Ray Emery with a rebound.
19:19 of 2nd period - Snap shot by Matt Halischuk.
19:19 of 2nd period - Goal by Matt Halischuk - Carnivores : 3 - Remparts : 4.
19:20 of 2nd period - Mikael Granlund wins face-off versus Matt Halischuk in neutral zone.
19:20 of 2nd period - Mikael Granlund is hit by Erik Gudbranson.
19:32 of 2nd period - Snap shot by Ryan Keller.
19:32 of 2nd period - Shot Blocked by Keith Ballard.
19:34 of 2nd period - Slapshot by Sasha Pokulok.
19:34 of 2nd period - Stopped by Keith Kinkaid without a rebound.
19:35 of 2nd period - Jonathan Matsumoto wins face-off versus Andy Miele in Remparts zone.
19:35 of 2nd period - Jonathan Matsumoto is hit by Andy Miele.
19:43 of 2nd period - Pasi Salonen is hit by Sasha Pokulok and loses puck.
Goals for this period are 2 for Carnivores vs 3 for Remparts.
Shots for this period are 11 for Carnivores vs 15 for Remparts.
3rd period
0:01 of 3rd period - Jonathan Matsumoto wins face-off versus Mikael Granlund in neutral zone.
0:03 of 3rd period - Off-side.
0:04 of 3rd period - Jonathan Matsumoto wins face-off versus Mikael Granlund in neutral zone.
0:26 of 3rd period - Minor Penalty to Erik Gudbranson for Holding Stick.
0:27 of 3rd period - Jarod Palmer wins face-off versus Brendan Gallagher in Remparts zone.
2:22 of 3rd period - Johannes Salmonsson is hit by Lane MacDermid and loses puck.
2:26 of 3rd period - Penalty to Erik Gudbranson is over, Erik Gudbranson is back on ice.
2:33 of 3rd period - Denis Bodrov is hit by Lane MacDermid and loses puck.
2:38 of 3rd period - Snap shot by Billy Sweat.
2:38 of 3rd period - Shot Blocked by Denis Bodrov.
2:41 of 3rd period - Icing by Keith Ballard.
2:42 of 3rd period - Cédric Lalonde-McNicoll wins face-off versus Anton Lander in Remparts zone.
3:33 of 3rd period - Wrist shot by Jonathan Cheechoo.
3:33 of 3rd period - Stopped by Ray Emery with a rebound.
4:04 of 3rd period - Snap shot by Rico Fata.
4:04 of 3rd period - Stopped by Ray Emery with a rebound.
4:12 of 3rd period - Wrist shot by Guillaume Desbiens.
4:12 of 3rd period - Stopped by Ray Emery without a rebound.
4:13 of 3rd period - Mikael Granlund wins face-off versus Jonathan Matsumoto in Carnivores zone.
4:13 of 3rd period - Mikael Granlund is hit by Erik Gudbranson.
5:50 of 3rd period - Wrist shot by Pasi Salonen.
5:50 of 3rd period - Stopped by Ray Emery with a rebound.
5:52 of 3rd period - Snap shot by Jonathan Matsumoto.
5:52 of 3rd period - Shot Blocked by Blake Geoffrion.
6:03 of 3rd period - Off-side.
6:04 of 3rd period - Cédric Lalonde-McNicoll wins face-off versus Mikael Granlund in neutral zone.
6:19 of 3rd period - Wrist shot by Guillaume Desbiens.
6:19 of 3rd period - Deflect By Rico Fata.
6:19 of 3rd period - Stopped by Ray Emery with a rebound.
6:29 of 3rd period - Jonathan Matsumoto is hit by Anton Lander and loses puck.
6:56 of 3rd period - Slapshot by Sasha Pokulok.
6:56 of 3rd period - Stopped by Keith Kinkaid without a rebound.
6:57 of 3rd period - Anton Gustafsson wins face-off versus Cédric Lalonde-McNicoll in Remparts zone.
7:22 of 3rd period - Mikael Granlund is hit by Jonathan Cheechoo and loses puck.
7:27 of 3rd period - Wrist shot by Johannes Salmonsson.
7:27 of 3rd period - Goal by Johannes Salmonsson - Carnivores : 3 - Remparts : 5.
7:28 of 3rd period - Matt Halischuk wins face-off versus Mikael Granlund in neutral zone.
7:37 of 3rd period - Slapshot by Keith Ballard.
7:37 of 3rd period - Shot Misses the Net.
7:44 of 3rd period - Off-side.
7:45 of 3rd period - Cédric Lalonde-McNicoll wins face-off versus Blake Geoffrion in neutral zone.
7:54 of 3rd period - Slapshot by Phil Oreskovic.
7:54 of 3rd period - Deflect By Blake Geoffrion.
7:54 of 3rd period - Stopped by Keith Kinkaid with a rebound.
7:56 of 3rd period - Snap shot by Blake Geoffrion.
7:56 of 3rd period - Shot Blocked by Erik Gudbranson.
7:58 of 3rd period - Snap shot by Andy Miele.
7:58 of 3rd period - Shot Hit the Post.
8:00 of 3rd period - Wrist shot by John Moore.
8:00 of 3rd period - Deflect By Blake Geoffrion.
8:00 of 3rd period - Shot Blocked by Erik Gudbranson.
8:00 of 3rd period - Puck is out of play.
8:01 of 3rd period - Mikael Granlund wins face-off versus Pasi Salonen in Remparts zone.
8:10 of 3rd period - Wrist shot by Ryan Keller.
8:10 of 3rd period - Shot Misses the Net.
8:49 of 3rd period - Janne Niskala is hit by Anton Lander and loses puck.
9:33 of 3rd period - Wrist shot by Billy Sweat.
9:33 of 3rd period - Stopped by Keith Kinkaid without a rebound.
9:34 of 3rd period - Anton Gustafsson wins face-off versus Jonathan Matsumoto in Remparts zone.
9:35 of 3rd period - Wrist shot by Lane MacDermid.
9:35 of 3rd period - Shot Misses the Net.
9:43 of 3rd period - Slapshot by Jonathan Matsumoto.
9:43 of 3rd period - Stopped by Ray Emery with a rebound.
9:45 of 3rd period - Wrist shot by Pasi Salonen.
9:45 of 3rd period - Stopped by Ray Emery with a rebound.
9:47 of 3rd period - Slapshot by Erik Gudbranson.
9:47 of 3rd period - Deflect By John Moore.
9:47 of 3rd period - Stopped by Ray Emery without a rebound.
9:48 of 3rd period - Mikael Granlund wins face-off versus Jonathan Matsumoto in Carnivores zone.
10:03 of 3rd period - John Moore is hit by Erik Gudbranson and loses puck.
10:22 of 3rd period - Snap shot by Cédric Lalonde-McNicoll.
10:22 of 3rd period - Stopped by Ray Emery without a rebound.
10:23 of 3rd period - Guillaume Desbiens wins face-off versus Andy Miele in Carnivores zone.
10:32 of 3rd period - Wrist shot by Rico Fata.
10:32 of 3rd period - Stopped by Ray Emery with a rebound.
10:48 of 3rd period - Guillaume Desbiens is hit by Sasha Pokulok.
10:56 of 3rd period - Snap shot by Anton Lander.
10:56 of 3rd period - Shot Blocked by Guillaume Desbiens.
10:58 of 3rd period - Wrist shot by Colton Orr.
10:58 of 3rd period - Stopped by Keith Kinkaid with a rebound.
11:00 of 3rd period - Snap shot by Colton Orr.
11:00 of 3rd period - Stopped by Keith Kinkaid without a rebound.
11:01 of 3rd period - Jonathan Matsumoto wins face-off versus Mikael Granlund in Remparts zone.
11:15 of 3rd period - Off-side.
11:16 of 3rd period - Andy Miele wins face-off versus Chris Mueller in neutral zone.
11:22 of 3rd period - Off-side.
11:23 of 3rd period - Andy Miele wins face-off versus Chris Mueller in neutral zone.
11:27 of 3rd period - Phil Oreskovic is hit by Erik Gudbranson and loses puck.
12:01 of 3rd period - Erik Gudbranson is hit by Blake Geoffrion and loses puck.
12:18 of 3rd period - Wrist shot by Jonathan Cheechoo.
12:18 of 3rd period - Stopped by Ray Emery with a rebound.
12:20 of 3rd period - Snap shot by Chris Mueller.
12:20 of 3rd period - Shot Misses the Net.
12:38 of 3rd period - Andy Miele is hit by Keith Ballard and loses puck.
12:55 of 3rd period - Snap shot by John Moore.
12:55 of 3rd period - Goal by John Moore - Carnivores : 4 - Remparts : 5.
12:56 of 3rd period - Jonathan Matsumoto wins face-off versus Mikael Granlund in neutral zone.
13:02 of 3rd period - Icing by Joffrey Lupul.
13:03 of 3rd period - Jonathan Matsumoto wins face-off versus Mikael Granlund in Carnivores zone.
13:21 of 3rd period - Minor Penalty to Chris Butler for Hooking.
13:22 of 3rd period - Mikael Granlund wins face-off versus Jonathan Matsumoto in Carnivores zone.
13:22 of 3rd period - Mikael Granlund is hit by Janne Niskala.
13:31 of 3rd period - Keith Ballard is hit by Mikael Granlund and loses puck.
13:44 of 3rd period - Slapshot by Janne Niskala.
13:44 of 3rd period - Stopped by Ray Emery without a rebound.
13:45 of 3rd period - Cédric Lalonde-McNicoll wins face-off versus Anton Lander in Carnivores zone.
13:46 of 3rd period - Snap shot by Guillaume Desbiens.
13:46 of 3rd period - Stopped by Ray Emery with a rebound.
13:48 of 3rd period - Wrist shot by Guillaume Desbiens.
13:48 of 3rd period - Shot Misses the Net.
13:50 of 3rd period - Snap shot by Cédric Lalonde-McNicoll.
13:50 of 3rd period - Stopped by Ray Emery without a rebound.
13:51 of 3rd period - Pasi Salonen wins face-off versus Anton Lander in Carnivores zone.
14:26 of 3rd period - Sasha Pokulok is hit by William Colbert and loses puck.
14:55 of 3rd period - Slapshot by Colton Orr.
14:55 of 3rd period - Shot Misses the Net.
15:21 of 3rd period - Penalty to Chris Butler is over, Chris Butler is back on ice.
15:42 of 3rd period - Slapshot by Frederic St-Denis.
15:42 of 3rd period - Shot Misses the Net.
16:18 of 3rd period - Billy Sweat is hit by Geordie Wudrick and loses puck.
16:41 of 3rd period - Snap shot by Jonathan Cheechoo.
16:41 of 3rd period - Stopped by Ray Emery without a rebound.
16:42 of 3rd period - Anton Lander wins face-off versus Jonathan Matsumoto in Carnivores zone.
16:57 of 3rd period - Slapshot by Matt Halischuk.
16:57 of 3rd period - Shot Misses the Net.
16:59 of 3rd period - Minor Penalty to Phil Oreskovic for Tripping.
17:00 of 3rd period - Jonathan Matsumoto wins face-off versus Mikael Granlund in Carnivores zone.
17:07 of 3rd period - Backhand shot by Pasi Salonen.
17:07 of 3rd period - Shot Misses the Net.
18:21 of 3rd period - Anton Lander is hit by Cédric Lalonde-McNicoll and loses puck.
18:59 of 3rd period - Penalty to Phil Oreskovic is over, Phil Oreskovic is back on ice.
19:00 of 3rd period - Carnivores, Ray Emery is pulled from the net.
19:00 of 3rd period - Snap shot by Phil Oreskovic.
19:00 of 3rd period - Stopped by Keith Kinkaid with a rebound.
19:31 of 3rd period - Snap shot by Guillaume Desbiens.
19:31 of 3rd period - Shot Misses the Net.
19:33 of 3rd period - Snap shot by Guillaume Desbiens.
19:33 of 3rd period - Deflect By Johannes Salmonsson.
19:33 of 3rd period - Goal by Johannes Salmonsson - Carnivores : 4 - Remparts : 6.
19:33 of 3rd period - Ray Emery from Carnivores was sent back in the game.
19:34 of 3rd period - Anton Lander wins face-off versus Jonathan Matsumoto in neutral zone.
19:37 of 3rd period - Slapshot by Chris Butler.
19:37 of 3rd period - Deflect By Anton Lander.
19:37 of 3rd period - Stopped by Keith Kinkaid with a rebound.
19:39 of 3rd period - Wrist shot by Anton Lander.
19:39 of 3rd period - Shot Blocked by Ty Wishart.
19:41 of 3rd period - Slapshot by Sasha Pokulok.
19:41 of 3rd period - Stopped by Keith Kinkaid without a rebound.
19:42 of 3rd period - Anton Lander wins face-off versus Jonathan Matsumoto in Remparts zone.
Goals for this period are 1 for Carnivores vs 2 for Remparts.
Shots for this period are 9 for Carnivores vs 17 for Remparts.
Back to the Top